 Dungeon Crawl Stone Soup version 0.31-a0-236-g9a0961fb85 (webtiles) character file.

Game seed: 10354720756755228589

903 qw the Skirmisher (level 7, -3/61 HPs)
             Began as a Minotaur Hexslinger on July 10, 2023.
             Slain by an ice beast (9 damage)
             ... on level 5 of the Dungeon.
             The game lasted 00:01:47 (4922 turns).

qw the Skirmisher (Minotaur Hexslinger)             Turns: 4922, Time: 00:01:48

Health: -3/61      AC:  6    Str: 12    XL:     7   Next: 80%
Magic:  7/7        EV: 11    Int: 10    God:
Gold:   274        SH:  0    Dex: 15    Spells: 7/8 levels left

rFire   . . .        Y - +1 shortbow (chaos)
rCold   . . .        (shield currently unavailable)
rNeg    . . .        i - +0 ring mail
rPois   .            (helmet restricted)
rElec   .            (no cloak)
rCorr   .            a - +0 pair of gloves
SInv    .            (no boots)
Will    .....        (no amulet)
Stlth   +            (no ring)
HPRegen 0.30/turn    (no ring)
MPRegen 0.10/turn

%: no passive effects
@: about to teleport
A: horns 2, retaliatory headbutt
a: no special abilities


You were on level 5 of the Dungeon.
You visited 1 branch of the dungeon, and saw 5 of its levels.
You also visited: Sewer.

You collected 274 gold pieces.


Innate Abilities, Weirdness & Mutations

You have a pair of horns on your head.
You reflexively headbutt those who attack you in melee.


   Skills:
 - Level 5.0 Fighting
 + Level 8.5 Ranged Weapons
 - Level 2.5 Armour
 - Level 2.1 Dodging
 - Level 1.0 Spellcasting
 - Level 2.0 Hexes


You had 7 spell levels left.
You knew the following spells:

 Your Spells              Type           Power      Damage    Failure   Level
a - Slow                  Hex            16%        N/A       32%         1

Your spell library contained the following spells:

 Spells                   Type           Power      Damage    Failure   Level
 Inner Flame              Hex/Fire       2%         N/A       83%         3
 Portal Projectile        Hex/Tloc       4%         N/A       83%         3
 Cause Fear               Hex            2%         N/A       97%         4

Inventory:

Hand Weapons
 Y - a +1 shortbow of chaos (weapon)
Armour
 a - a +0 pair of gloves (worn)
 i - a +0 ring mail (worn)
Scrolls
 d - 4 scrolls of identify
 f - a scroll of teleportation
Potions
 b - 2 potions of haste
 e - 2 potions of heal wounds
 h - a potion of mutation
 k - 2 potions of curing

Dungeon Overview and Level Annotations

Branches:
Dungeon (5/15)              Sewer (visited)
 Temple: D:4-7

Altars:
The Shining One


Message History

There is a stone staircase leading up here.
An ice beast comes into view.
Enter note:
Enter note:
Enter note: You shoot an arrow.
The arrow closely misses the ice beast.
You shoot an arrow.
The arrow hits the ice beast but does no damage.
You shoot an arrow. The arrow hits the ice beast.
The ice beast is lightly wounded.
You shoot an arrow. The arrow barely misses the ice beast.
The ice beast hits you but does no damage.
You shoot an arrow. The arrow hits the ice beast.
The ice beast is moderately wounded.
The ice beast barely misses you. You furiously retaliate!
You headbutt the ice beast. The ice beast hits you. The ice beast freezes you!
You shoot an arrow. The arrow hits the ice beast.
The ice beast is heavily wounded.
The ice beast closely misses you.
You shoot an arrow.
The arrow hits the ice beast but does no damage.
The ice beast is heavily wounded.
The ice beast hits you. The ice beast freezes you!
You shoot an arrow. The arrow closely misses the ice beast.
The ice beast hits you. The ice beast freezes you.
You shoot an arrow. The arrow hits the ice beast.
The ice beast is poisoned.
The ice beast is severely wounded.
The ice beast barely misses you.
You shoot an arrow. The arrow hits the ice beast.
The ice beast goes berserk!
The ice beast is almost dead.
The ice beast hits you. The ice beast freezes you!
The ice beast hits you but does no damage.
You shoot an arrow. The arrow hits the ice beast.
The arrow melts the ice beast.
The ice beast is almost dead.
The ice beast hits you. The ice beast freezes you.
4922 ||| READING 2 scrolls of teleportation.
As you read the scroll of teleportation, it crumbles to dust.
You feel strangely unstable. The ice beast hits you. The ice beast freezes you!
You die...

##########
#.@......#
#Y######.# ###
#. #<# ##.####
#. #.# #..(...
#.
##.####......
#.
###...##.......
#.
#..........####
#.
#.#...##.#..#
#.##.###.##.##


You could see an ice beast (berserk, very poisoned).

Vanquished Creatures
  A warg (D:4)
  A black bear (D:4)
  A phantom (D:4)
  2 kobold brigands
  A hound (D:4)
  An orc priest (D:4)
  3 orc wizards
  2 iguanas
  7 gnolls
  10 adders
  An ufetubus (D:4)
  5 worms
  4 dart slugs
  8 orcs
  8 ball pythons
  13 endoplasms
  3 giant cockroaches
  4 goblins
  8 hobgoblins
  14 jackals
  2 quokkas
  3 bats
  5 frilled lizards
  14 kobolds
  6 rats
127 creatures vanquished.

Notes
Turn   | Place    | Note
-------+----------+-------------------------------------------
     0 | D:1      | qw the Minotaur Hexslinger began the quest for the Orb.
     0 | D:1      | Reached XP level 1. HP: 16/16 MP: 1/1
     0 | D:1      | 0 ||| qw: Version: 0.3-a-51-g015441d
     0 | D:1      | 0 ||| qw: Game counter: 4471
     0 | D:1      | 0 ||| qw: Melee chars always use a shield: true
     0 | D:1      | 0 ||| qw: God list: Okawaru
     0 | D:1      | 0 ||| qw: Allow faded altars: false
     0 | D:1      | 0 ||| qw: Do Orc after clearing Dungeon:15 true
     0 | D:1      | 0 ||| qw: Do second Lair branch before Depths: true
     0 | D:1      | 0 ||| qw: Lair rune preference: random
     0 | D:1      | 0 ||| qw: Goals: Normal
     0 | D:1      | 0 ||| PLANNING D:1-11
    17 | D:1      | 17 ||| SWAPPING to +0 shortbow.
    20 | D:1      | 20 ||| DROPPING +1 sling.
   133 | D:1      | Reached skill level 3 in Ranged Weapons
   148 | D:1      | Reached XP level 2. HP: 23/23 MP: 2/2
   499 | D:1      | Reached XP level 3. HP: 9/29 MP: 3/3
   814 | D:1      | Reached skill level 4 in Ranged Weapons
  1059 | D:1      | 1059 ||| UPGRADING to +0 ring mail.
  1069 | D:1      | 1069 ||| DROPPING +0 robe.
  1070 | D:1      | 1070 ||| READING 4 scrolls labelled HOMETW SIKHLU.
  1071 | D:1      | 1071 ||| READING scroll labelled ZIFYST UDGHENLO.
  1076 | D:1      | 1076 ||| READING scroll labelled FUOTOS JATUUS.
  1129 | D:1      | 1129 ||| READING scroll labelled CAREYPNAO KUIZ.
  1130 | D:1      | 1130 ||| READING 3 scrolls of identify.
  1130 | D:1      | 1130 ||| IDENTIFYING fizzy inky potion
  1131 | D:1      | 1131 ||| READING 2 scrolls of identify.
  1131 | D:1      | 1131 ||| IDENTIFYING fizzy emerald potion
  1132 | D:1      | 1132 ||| DROPPING scroll of poison.
  1446 | D:2      | Reached skill level 1 in Armour
  1733 | D:2      | Reached XP level 4. HP: 36/36 MP: 4/4
  1971 | D:2      | 1971 ||| UPGRADING to +0 pair of gloves.
  1976 | D:2      | 1976 ||| READING scroll labelled IHY BO CEHEOG.
  1977 | D:2      | 1977 ||| DRINKING 2 lumpy coppery potions.
  1988 | D:3      | 1988 ||| PLANNING SEWER
  2115 | D:3      | Found a glowing drain.
  2136 | Sewer    | Entered a sewer
  2140 | Sewer    | 2140 ||| Stepping ~*~*~tactically~*~*~ (water).
  2167 | Sewer    | 2167 ||| Stepping ~*~*~tactically~*~*~ (water).
  2179 | Sewer    | Reached skill level 5 in Ranged Weapons
  2220 | Sewer    | 2220 ||| Stepping ~*~*~tactically~*~*~ (water).
  2237 | Sewer    | 2237 ||| Stepping ~*~*~tactically~*~*~ (water).
  2287 | Sewer    | Noticed a kobold brigand
  2297 | Sewer    | Killed a kobold brigand
  2298 | Sewer    | Reached skill level 3 in Fighting
  2298 | Sewer    | Reached XP level 5. HP: 33/46 MP: 5/5
  2443 | Sewer    | 2443 ||| DRINKING 2 orange potions.
  2444 | Sewer    | 2444 ||| READING 4 scrolls of identify.
  2444 | Sewer    | 2444 ||| IDENTIFYING fuming dark potion
  2445 | Sewer    | 2445 ||| READING 3 scrolls of identify.
  2445 | Sewer    | 2445 ||| IDENTIFYING metallic inky potion
  2446 | Sewer    | 2446 ||| DROPPING potion of brilliance.
  2447 | Sewer    | 2447 ||| DROPPING potion of berserk rage.
  2475 | D:3      | 2475 ||| PLANNING D:1-11
  2772 | D:3      | Found a faded altar of an unknown god.
  3246 | D:3      | 3246 ||| DROPPING ring of magical power.
  3247 | D:3      | 3247 ||| READING scroll labelled VONIRI VARO.
  3248 | D:3      | 3248 ||| READING scroll labelled LIB SICUAFATT.
  3396 | D:4      | a scorpion changed into a warg
  3396 | D:4      | Noticed a warg
  3399 | D:4      | Killed a warg
  3400 | D:4      | Reached skill level 6 in Ranged Weapons
  3400 | D:4      | Reached XP level 6. HP: 41/52 MP: 6/6
  3616 | D:4      | Reached skill level 7 in Ranged Weapons
  3628 | D:4      | 3628 ||| DRINKING 2 potions of curing.
  3628 | D:4      | 3628 ||| (to cure confusion)
  3629 | D:4      | 3629 ||| Stepping ~*~*~tactically~*~*~ (outnumbered).
  3637 | D:4      | 3637 ||| Stepping ~*~*~tactically~*~*~ (outnumbered).
  3639 | D:4      | Reached XP level 7. HP: 27/59 MP: 7/7
  4108 | D:4      | Reached skill level 8 in Ranged Weapons
  4389 | D:4      | 4389 ||| Stepping ~*~*~tactically~*~*~ (outnumbered).
  4391 | D:4      | 4391 ||| Stepping ~*~*~tactically~*~*~ (outnumbered).
  4557 | D:4      | 4557 ||| READING scroll labelled GADYZUGR YCEC.
  4613 | D:5      | Entered Level 5 of the Dungeon
  4623 | D:5      | 4623 ||| STAIRDANCE
  4863 | D:5      | Found a glowing golden altar of the Shining One.
  4921 | D:5      | HP: 10/61 [ice beast (6)]
  4922 | D:5      | 4922 ||| READING 2 scrolls of teleportation.
  4922 | D:5      | Slain by an ice beast

Levels and vault maps discovered:
D:1:      dpeg_arrival_shrine, layout_basic, minivault_26
D:2:      layout_basic
D:3:      layout_loops_corners, gup_sewer_entry_glass, basic_ecumenical_altar,
          hangedman_decor_growths
D:4:      layout_loops_ring, lexackson_kobold_supper
D:5:      layout_loops_ring, mainiacjoe_overflow_surrounded_room,
          nicolae_nh_ransacked_shop

Skill      XL: |  1  2  3  4  5  6  7 |
---------------+----------------------+-----
Ranged Weapons | 3 4 5 6 7 8 |  8.5
Fighting       | 2 3 4 5 |  5.0
Armour         | 1 2 |  2.5
Dodging        | |  2.1
Spellcasting   | |  1.0
Hexes          | |  2.0

Action                     |  1- 3 |  4- 6 |  7- 9 || total
---------------------------+-------+-------+-------++-------
   Fire: Shortbow          |   119 |   195 |   127 ||   441
    Use: Scroll            |     6 |     5 |     2 ||    13
         Potion            |       |     3 |       ||     3
 Armour: Robe              |     3 |       |       ||     3
         Ring mail         |     9 |    49 |    29 ||    87
  Dodge: Dodged            |    47 |    81 |    48 ||   176

Table legend:
 A = Non-vault XP
 B = Vault XP
 C = Vault XP percentage of total XP
 D = Non-vault monster count
 E = Vault monster count
 F = Vault count percentage of total count
                 A         B        C        D         E       F
            +---------+---------+-------+---------+---------+-------
      Total |     992 |     299 |  23.2 |      95 |      32 |  25.2
            +---------+---------+-------+---------+---------+-------
        D:1 |      64 |       0 |   0.0 |      27 |       0 |   0.0
        D:2 |      33 |       0 |   0.0 |      13 |       0 |   0.0
        D:3 |      54 |      28 |  34.1 |      16 |       3 |  15.8
        D:4 |     721 |     105 |  12.7 |      29 |       8 |  21.6
        D:5 |     120 |       0 |   0.0 |      10 |       0 |   0.0
      Sewer |       0 |     166 | 100.0 |       0 |      21 | 100.0
            +---------+---------+-------+---------+---------+-------
